 Dungeon Crawl Stone Soup version 0.23-a0-299-g9a66eeb (webtiles) character file.

158 Amnesiac the Ducker (level 5, -3/27 HPs)
             Began as a Spriggan Fighter on Oct 6, 2018.
             Slain by an ice beast (16 damage)
             ... on level 5 of the Dungeon.
             The game lasted 00:04:53 (1015 turns).

Amnesiac the Ducker (Spriggan Fighter)              Turns: 1015, Time: 00:04:54

Health: -3/27      AC:  2    Str: 13    XL:     5   Next: 16%
Magic:  9/9        EV: 19    Int: 10    God:
Gold:   75         SH:  6    Dex: 15    Spells: 1/4 levels left

rFire    . . .     SeeInvis +   a - +1 dagger (holy)
rCold    . . .     Gourm    .   c - +0 buckler
rNeg     . . .     Faith    .   b - +0 robe
rPois    .         Spirit   .   (helmet restricted)
rElec    .         Reflect  .   (no cloak)
rCorr    .         Harm     +   (gloves unavailable)
MR       .....                  (boots unavailable)
Stlth    ++........             i - amulet of harm
HPRegen  0.09/turn              (no ring)
MPRegen  0.11/turn              (no ring)

@: very quick
A: very small, unfitting armour, see invisible, herbivore, speed 3, slow
metabolism 2
a: no special abilities


You were on level 5 of the Dungeon.
You were not hungry.

You visited 1 branch of the dungeon, and saw 5 of its levels.

You collected 75 gold pieces.

Inventory:

Hand Weapons
 a - a +1 dagger of holy wrath (weapon)
Missiles
 j - 15 poisoned needles
Armour
 b - a +0 robe (worn)
 c - a +0 buckler (worn)
Jewellery
 i - an amulet of harm (around neck)
Wands
 k - a wand of flame (13)
Scrolls
 e - a scroll of teleportation {!r, unknown}
 g - a scroll of remove curse {!r, unknown}
 l - a scroll of identify {!r, unknown}
Potions
 d - a potion of might {!q}
 h - 2 potions of haste {!q, unknown}
Comestibles
 f - 6 rations


   Skills:
 - Level 2.4 Fighting
 - Level 3.6 Short Blades
 - Level 4.4 Dodging
 - Level 3.6 Stealth
 + Level 2.1 Shields
 * Level 4.3 Evocations


You had one spell level left.
You knew the following spells:

 Your Spells              Type           Power        Failure   Level  Hunger
s - Conjure Flame         Conj/Fire      #.......     85%         3    ####...

Your spell library contained the following spells:

 Spells                   Type           Power        Failure   Level  Hunger
 Flame Tongue             Conj/Fire      #....        47%         1    ##.....
 Throw Flame              Conj/Fire      #.....       63%         2    ###....
 Inner Flame              Hex/Fire       #.......     85%         3    ####...
 Sticky Flame             Conj/Fire      #.......     99%         4    #####..
 Fireball                 Conj/Fire      #.........   100%        5    ######.


Dungeon Overview and Level Annotations

Branches:
Dungeon (5/15)
 Temple: D:4-7

Altars:
Uskayaw
Vehumet
Wu Jian

Shops:
D:4 :


Innate Abilities, Weirdness & Mutations

You are very small and have problems with some larger weapons.
You are too small for most types of armour.
You have supernaturally acute eyesight. (SInv)
You are a herbivore.
You cover ground extremely quickly.
You need to consume almost no food.


Message History

You drop a +0 rapier.
You block the ice beast's attack.
Okay, then.
Okay, then.
There is an open door here.
This spell is very dangerous to cast!
Memorise Conjure Flame, consuming 3 spell levels and leaving 1?
You start memorising the spell.
You continue memorising. x3
You finish memorising.
Spell assigned to 's'.
Casting: Conjure Flame (very dangerous; 85% risk of failure)
Confirm with . or Enter, or press ? or * to list all spells.
Okay, then.
You see here a hound corpse.
The ice beast is too close now for your liking.
An ice beast is nearby!
Okay, then.
You hit the ice beast.
The ice beast is lightly wounded.
You hit the ice beast but do no damage.
The ice beast is lightly wounded.
The ice beast completely misses you.
You hit the ice beast but do no damage.
The ice beast is lightly wounded.
You block the ice beast's attack.
You hit the ice beast.
The ice beast is moderately wounded.
The ice beast closely misses you.
You hit the ice beast but do no damage.
The ice beast is moderately wounded.
The ice beast closely misses you.
You closely miss the ice beast.
The ice beast is moderately wounded.
Press: ? - help, v - describe, . - travel
Here: an ice beast (moderately wounded)
The floor.
Your shield prevents you from hitting the ice beast.
The ice beast is moderately wounded.
The ice beast closely misses you.
You hit the ice beast.
The ice beast is moderately wounded.
The ice beast completely misses you.
You hit the ice beast.
The ice beast is heavily wounded.
The ice beast misses you.
You hit the ice beast but do no damage.
The ice beast is heavily wounded.
The ice beast barely misses you.
You hit the ice beast.
The ice beast is heavily wounded.
The ice beast closely misses you.
You hit the ice beast.
The ice beast is heavily wounded.
The ice beast hits you. The ice beast freezes you!
You barely miss the ice beast.
The ice beast is heavily wounded.
The ice beast misses you.
You completely miss the ice beast.
The ice beast is heavily wounded.
You hit the ice beast but do no damage.
The ice beast is heavily wounded.
The ice beast hits you.
* * * LOW HITPOINT WARNING * * *
The ice beast freezes you!
Ouch! That really hurt!
You die...

#.# #.# #[# .#####.###########
.### .................# ......
.#####†#########.# .....$
.......#########.## .....
.###.............Y# ...
................@.######.#
.#.#..............#......#
.#.#..............#......#
.#.#..............'....).#
.#.#..............#......#
<....................(...'...
.#.#.###.................##...
+#.#.# #.................# ...
........######....####### ##


You could see an ice beast.

Vanquished Creatures
  3 hounds
  A worker ant (D:4)
  An adder (D:4)
  A shadow imp (D:4)
  An adder skeleton (D:5)
  A worm (D:4)
  A leopard gecko (D:4)
  A giant cockroach (D:1)
  2 goblins
  A hobgoblin (D:3)
  4 jackals (D:4)
  3 kobolds
  A leopard gecko skeleton (D:5)
  2 rats
23 creatures vanquished.

Notes
Turn   | Place    | Note
-------+----------+-------------------------------------------
     0 | D:1      | Amnesiac the Spriggan Fighter began the quest for the Orb.
     0 | D:1      | Reached XP level 1. HP: 11/11 MP: 2/2
    46 | D:2      | Noticed a sky beast
    99 | D:2      | Noticed a hand axe
   102 | D:2      | Found a hide-covered altar of Uskayaw.
   102 | D:2      | Noticed a hand axe
   127 | D:2      | Reached skill level 1 in Stealth
   221 | D:3      | Found an ornate altar of the Wu Jian Council.
   240 | D:3      | Reached XP level 2. HP: 11/16 MP: 3/3
   304 | D:4      | Found Dyolub's Book Shop.
   360 | D:4      | Found a radiant altar of Vehumet.
   381 | D:4      | Reached skill level 1 in Evocations
   381 | D:4      | Reached XP level 3. HP: 14/19 MP: 4/4
   664 | D:4      | Reached XP level 4. HP: 23/23 MP: 5/7
   823 | D:5      | Entered Level 5 of the Dungeon
   876 | D:5      | Reached XP level 5. HP: 21/27 MP: 7/9
   955 | D:5      | Noticed an ice beast
   988 | D:5      | Learned a level 3 spell: Conjure Flame
  1015 | D:5      | Slain by an ice beast

Vault maps used:
D:1:      dpeg_arrival_connections
D:2:      dancing_weapons_uskayaw, nicolae_overflow_crystal_walls,
          yredelemnul_altar_generic
D:3:      cheibrodos_helix_gallery, lemuel_crystal_altar, first_ration,
          serial_curves, eino_curves_02, eino_curves_04, eino_curves_01,
          chequers_ecumenical_altar_island
D:4:      grunt_temple_overflow_champion_of_chaos, serial_shops,
          nicolae_shop_waterfront, vehumet_altar_wand_db

Skill      XL: |  1  2  3  4 |
---------------+-------------+-----
Stealth        | 1 3 |  3.6
Short Blades   | 3 |  3.6
Evocations     | 1 3 4 |  4.3
Fighting       | |  2.4
Dodging        | |  4.4
Shields        | |  2.1

Action                   |  1- 3 |  4- 6 || total
-------------------------+-------+-------++-------
Melee: Rapier            |    63 |    18 ||    81
       Dagger            |       |    15 ||    15
 Stab: Sleeping          |     2 |     1 ||     3
Armor: Robe              |     2 |       ||     2
Dodge: Dodged            |    40 |    21 ||    61
Block: Buckler           |    10 |    10 ||    20

Table legend:
 A = Non-vault XP
 B = Vault XP
 C = Vault XP percentage of total XP
 D = Non-vault monster count
 E = Vault monster count
 F = Vault count percentage of total count
                 A         B        C        D         E       F
            +---------+---------+-------+---------+---------+-------
      Total |     224 |       2 |   0.9 |      22 |       1 |   4.3
            +---------+---------+-------+---------+---------+-------
        D:1 |       3 |       0 |   0.0 |       2 |       0 |   0.0
        D:2 |       2 |       0 |   0.0 |       1 |       0 |   0.0
        D:3 |       8 |       0 |   0.0 |       5 |       0 |   0.0
        D:4 |     162 |       2 |   1.2 |      11 |       1 |   8.3
        D:5 |      49 |       0 |   0.0 |       3 |       0 |   0.0
            +---------+---------+-------+---------+---------+-------
